 Dungeon Crawl Stone Soup version 0.17-a0-81-g781747f (webtiles) character file.

17 Ngotmuk the Covered (level 2, 0/24 HPs)
             Began as a Human Fighter on Mar 15, 2015.
             Slain by an adder (3 damage)
             ... on level 2 of the Dungeon.
             The game lasted 00:03:26 (896 turns).

Ngotmuk the Covered (Human Fighter)                  Turns: 896, Time: 00:03:27

Health: 0/24       AC:  6    Str: 16    XL:     2   Next: 80%
Magic:  2/2        EV:  8    Int:  8    God:
Gold:   43         SH:  8    Dex: 12    Spells: 0 memorised, 1 level left

rFire  . . .     SeeInvis .     a - +0 flail
rCold  . . .     Clarity  .     f - +0 ring mail
rNeg   + . .     SustAb   .     c - +0 shield
rPois  .         Gourm    .     (no helmet)
rElec  .         Spirit   .     (no cloak)
rCorr  .         Warding  +     l - +0 pair of gloves
rMut   .         Stasis   .     (no boots)
MR     .....                    i - amulet of warding
Stlth  +.........               (no ring)
                                (no ring)

@: not resistant to hostile enchantments, very unstealthy
A: no striking features
a: no special abilities


You were on level 2 of the Dungeon.
You were not hungry.

You visited 1 branch of the dungeon, and saw 2 of its levels.

You collected 43 gold pieces.

Inventory:

Hand weapons
 a - a +0 flail (weapon)
Armour
 c - a +0 shield (worn)
 f - a +0 ring mail (worn)
 l - a +0 pair of gloves (worn)
Jewellery
 i - an amulet of warding (around neck)
Scrolls
 b - 2 scrolls of noise {unknown}
 h - a scroll of enchant weapon {unknown}
 m - a scroll of identify {unknown}
Potions
 e - 3 potions of might
 j - 2 potions of haste {unknown}
 k - a potion of brilliance {unknown}
 n - a potion of curing {unknown}
Comestibles
 d - a bread ration
 g - 2 meat rations


   Skills:
 + Level 3.1 Fighting
 + Level 2.3 Maces & Flails
 + Level 3.1 Armour
 + Level 1.0 Dodging
 + Level 3.1 Shields


You had one spell level left.
You didn't know any spells.

Dungeon Overview and Level Annotations

Branches:
Dungeon (2/15)

Altars:


Message History

The worm bites you!
Your shield and ring mail prevent you from hitting the worm.
The giant cockroach waves its antennae.
The adder bites you but does no damage. The worm bites you!
* * * LOW HITPOINT WARNING * * *
The adder closely misses you.
You hit the giant cockroach but do no damage.
You block the giant cockroach's attack. You block the adder's attack.
You block the giant cockroach's attack. You block the adder's attack.
The giant cockroach bites you but does no damage.
The adder bites you but does no damage. The giant cockroach barely misses you.
The giant cockroach bites you but does no damage.
You barely miss the adder. The adder closely misses you.
The adder barely misses you.
You closely miss the adder. You block the adder's attack. The adder bites you.
* * * LOW HITPOINT WARNING * * *
You miss the adder. You block the adder's attack. The adder bites you.
You die...

#....# ....... ....#..#
##### #.....!. ...#
#......######.####### .
#......#............#
..#........[#.#.#####.#
.........######.#..<#.#
#+#......sS@.....#.....#
.........w##############
..........# ..#......#
#......+ #......#
....^...# ##.##..# #.
#..#


You could see a worm, an adder and a giant cockroach.

Vanquished Creatures
  A giant gecko (D:1)
  A giant cockroach (D:1)
  2 goblins (D:1)
  3 hobgoblins (D:1)
  3 bats (D:1)
  3 kobolds (D:1)
  3 rats (D:1)
16 creatures vanquished.

Notes
Turn   | Place    | Note
--------------------------------------------------------------
     0 | D:1      | Ngotmuk, the Human Fighter, began the quest for the Orb.
     0 | D:1      | Reached XP level 1. HP: 18/18 MP: 1/1
     2 | D:1      | Noticed a gargoyle
     2 | D:1      | Noticed an ogre
     4 | D:1      | Noticed a centaur
     6 | D:1      | Noticed a demonspawn
     8 | D:1      | Noticed a formicid
     8 | D:1      | Noticed a ghoul
    10 | D:1      | Noticed a draconian
    12 | D:1      | Noticed an elf
    14 | D:1      | Noticed a demigod
    14 | D:1      | Noticed a tengu
    16 | D:1      | Noticed a dwarf
    16 | D:1      | Noticed a vine stalker
    20 | D:1      | Noticed a naga
    20 | D:1      | Noticed a merfolk
    22 | D:1      | Noticed a minotaur
    22 | D:1      | Noticed a vampire
    24 | D:1      | Noticed a human
    26 | D:1      | Noticed an octopode
    26 | D:1      | Noticed a troll
    28 | D:1      | Noticed a felid
    28 | D:1      | Noticed a spriggan
   265 | D:1      | Reached XP level 2. HP: 24/24 MP: 2/2
   423 | D:1      | Reached skill level 1 in Dodging
   896 | D:2      | Slain by an adder

Action                   || total
-------------------------++-------
Melee: Flail             ||    71
